 Dungeon Crawl Stone Soup version 0.21.0-3-g78d12a8 (webtiles) character file.

516 pkoi the Cudgeler (level 7, -2/40 HPs)
             Began as a Gargoyle Gladiator on Jan 17, 2018.
             Slain by an ogre
             ... wielding a +0 giant club
              (3 damage)
             ... on level 5 of the Dungeon.
             The game lasted 00:04:03 (3230 turns).

pkoi the Cudgeler (Gargoyle Gladiator)              Turns: 3230, Time: 00:04:04

Health: -2/40      AC: 19    Str: 20    XL:     7   Next: 20%
Magic:  7/7        EV:  7    Int:  8    God:
Gold:   231        SH:  0    Dex: 11    Spells: 6/6 levels left

rFire    . . .     SeeInvis .   a - +0 flail
rCold    . . .     Gourm    .   (no shield)
rNeg     + . .     Faith    .   i - +0 plate armour
rPois    ∞         Spirit   .   c - +0 helmet
rElec    +         Reflect  .   (no cloak)
rCorr    .         Harm     .   (no gloves)
MR       .....                  x - +0 pair of boots
Stlth    ..........             (no amulet)
HPRegen  0.13/turn              v - ring of stealth
MPRegen  0.10/turn              (no ring)

@: no status effects
A: negative energy resistance 1, electricity resistance, unbreathing,
petrification resistance, rot immunity, AC +4
a: no special abilities


You were on level 5 of the Dungeon.
You were not hungry.

You visited 1 branch of the dungeon, and saw 5 of its levels.

You collected 231 gold pieces.

Inventory:

Hand Weapons
 a - a +0 flail (weapon)
Missiles
 d - 3 throwing nets (quivered)
Armour
 b - a +0 leather armour
 c - a +0 helmet (worn)
 i - a +0 plate armour (worn)
 x - a +0 pair of boots (worn)
Jewellery
 v - a ring of stealth (left hand)
Scrolls
 e - 4 scrolls of identify {unknown}
 g - 2 scrolls of magic mapping {unknown}
 h - 5 scrolls of remove curse {unknown}
 j - a scroll of immolation {unknown}
 l - 2 scrolls of enchant weapon {unknown}
 m - a scroll of fog {unknown}
 o - a scroll of teleportation {unknown}
 r - a scroll of random uselessness {unknown}
 s - a scroll of amnesia {unknown}
Potions
 k - 3 potions of ambrosia {unknown}
 n - a potion of brilliance {unknown}
 p - 2 potions of curing {unknown}
 q - a potion of lignification {unknown}
 t - a potion of haste {unknown}
 u - a potion of heal wounds {unknown}
Comestibles
 f - 5 rations
 w - 6 chunks of flesh


   Skills:
 - Level 2.1 Fighting
 + Level 6.4 Maces & Flails
 - Level 1.7 Throwing
 + Level 5.0 Armour
 - Level 2.4 Dodging


You had 6 spell levels left.
You didn't know any spells.

Dungeon Overview and Level Annotations

Branches:
Dungeon (5/15)
 Temple: D:4-7

Altars:
Fedhas
Gozag
Kikubaaqudgha
Makhleb
Wu Jian


Innate Abilities, Weirdness & Mutations

You are resistant to torment.
Your stone body is resilient. (AC +4)
You are immune to poison.
You resist negative energy. (rN+)
You are resistant to electric shocks. (rElec)
You can survive without breathing.
You are immune to petrification.
You are immune to rotting.


Message History

You are too injured to fight recklessly!
You completely miss the ogre.
The ogre is lightly wounded.
The ogre hits you but does no damage.
You barely miss the ogre.
The ogre is lightly wounded.
You sock the ogre!
The ogre is heavily wounded.
The ogre barely misses you.
Your plate armour prevents you from hitting the ogre.
The ogre is heavily wounded.
The ogre barely misses you.
Your plate armour prevents you from hitting the ogre.
The ogre is heavily wounded.
The ogre hits you with a giant club!!
* * * LOW HITPOINT WARNING * * *
You barely miss the ogre.
The ogre is heavily wounded.
The ogre hits you with a giant club.
You die...

............###.#...........
..#....................##..##
#.........###.............#
..#........###..##......÷...
.................#..........)
#............#...............
....#.......#.#.#...........
#.........##.#.##..........
........O@......#...##....
................#### ##...
................# ...
_...............#
..............[.#
...............#
...............#
..........l...#


You could see an ogre and a frilled lizard (wandering).

Vanquished Creatures
  A phantom (D:4)
  An ice beast (D:5)
  A scorpion (D:4)
  A howler monkey (D:5)
  A hound (D:4)
  A bullfrog skeleton (D:4)
  A worker ant (D:4)
  8 adders
  A shadow imp (D:5)
  3 oozes
  2 worms (D:2)
  3 dart slugs
  3 orcs
  9 giant cockroaches
  11 hobgoblins
  2 jackals (D:4)
  3 quokkas
  A ball python (D:4)
  A ball python skeleton (D:4)
  5 bats
  5 frilled lizards
  7 goblins
  A jackal skeleton (D:4)
  5 kobolds
  A quokka skeleton (D:4)
  7 rats
85 creatures vanquished.

Vanquished Creatures (others)
  A human (D:3)
1 creature vanquished.

Grand Total: 86 creatures vanquished

Notes
Turn   | Place    | Note
-------+----------+-------------------------------------------
     0 | D:1      | pkoi the Gargoyle Gladiator began the quest for the Orb.
     0 | D:1      | Reached XP level 1. HP: 12/12 MP: 1/1
   191 | D:1      | Reached XP level 2. HP: 17/17 MP: 2/2
   259 | D:1      | Reached skill level 4 in Maces & Flails
   326 | D:1      | Reached XP level 3. HP: 20/21 MP: 3/3
   801 | D:2      | Reached skill level 1 in Armour
   944 | D:2      | Reached XP level 4. HP: 24/26 MP: 4/4
  1803 | D:3      | Found an ornate altar of the Wu Jian Council.
  1839 | D:3      | Found an ancient bone altar of Kikubaaqudgha.
  1842 | D:3      | Noticed a human
  1843 | D:3      | Killed a human
  1885 | D:3      | Reached XP level 5. HP: 30/30 MP: 5/5
  2046 | D:3      | Found a blossoming altar of Fedhas.
  2053 | D:3      | Reached skill level 5 in Maces & Flails
  2291 | D:3      | Found an opulent altar of Gozag.
  2370 | D:4      | Noticed a phantom
  2403 | D:4      | Killed a phantom
  2423 | D:4      | Reached XP level 6. HP: 35/35 MP: 6/6
  2500 | D:4      | Found a burning altar of Makhleb.
  3071 | D:5      | Entered Level 5 of the Dungeon
  3076 | D:5      | Reached skill level 6 in Maces & Flails
  3097 | D:5      | Noticed an ice beast
  3110 | D:5      | Killed an ice beast
  3110 | D:5      | Reached XP level 7. HP: 32/40 MP: 7/7
  3200 | D:5      | Found an ornate altar of the Wu Jian Council.
  3216 | D:5      | Reached skill level 5 in Armour
  3229 | D:5      | HP: 1/40 [ogre/giant club (18)]
  3230 | D:5      | Slain by an ogre

Skill      XL: |  1  2  3  4  5  6  7 |
---------------+----------------------+-----
Maces & Flails | 4 5 6 |  6.4
Armour         | 1 2 3 4 5 |  5.0
Fighting       | |  2.1
Throwing       | |  1.7
Dodging        | |  2.4

Action                   |  1- 3 |  4- 6 |  7- 9 || total
-------------------------+-------+-------+-------++-------
Melee: Flail             |   131 |   271 |    30 ||   432
 Stab: Sleeping          |     1 |       |       ||     1
  Eat: Chunk             |       |     8 |       ||     8
Armor: Leather armour    |    43 |       |       ||    43
       Plate armour      |    39 |   237 |    24 ||   300
Dodge: Dodged            |    78 |   112 |     8 ||   198
